 Dungeon Crawl Stone Soup version 0.30.0-29-ga12c61a403 (webtiles) character file.

Game seed: 16945934197521568152

18601 LynnLen the Unseen (level 12, -8/51 HPs)
             Began as a Spriggan Enchanter on June 14, 2023.
             Was a Priest of Dithmenos.
             Mangled by a death yak simulacrum (41 damage)
             ... on level 12 of the Dungeon.
             The game lasted 00:54:20 (15116 turns).

LynnLen the Unseen (Spriggan Enchanter)            Turns: 15116, Time: 00:54:21

Health: -8/51      AC:  7    Str:  4    XL:     12   Next: 29%
Magic:  25/29      EV: 17    Int: 20    God:    Dithmenos [***...]
Gold:   680        SH:  0    Dex: 23    Spells: 20/36 levels left

rFire   . . .        k - +4 short sword (protect)
rCold   . . .        (no shield)
rNeg    . . .        N - +0 troll leather armour
rPois   .            (helmet restricted)
rElec   .            A - +2 cloak
rCorr   .            (gloves unavailable)
SInv    +            (boots unavailable)
Will    +++..        P - amulet of the acrobat Stlth *+++++++++
                     J - +6 ring of dexterity
HPRegen 1.08/turn    p - ring of willpower
MPRegen 0.21/turn

%: acrobat
@: confusing by touch, wreathed by umbra, very quick
A: very small, no large weapons, unfitting armour, see invisible, speed 3
a: Renounce Religion, Shadow Step


You were on level 12 of the Dungeon.
You worshipped Dithmenos.
Dithmenos was most pleased with you.
You visited 2 branches of the dungeon, and saw 13 of its levels.
You also visited: Sewer.

You collected 848 gold pieces.
You spent 168 gold pieces at shops.

Inventory:

Hand Weapons
 e - a +0 sling
 h - a +2 dagger of freezing
 k - a +4 short sword of protection (weapon)
 s - a +6 club
Missiles
 n - 108 stones (quivered)
 v - 3 throwing nets
 y - 38 poisoned darts
Armour
 b - a +1 robe
 q - +1 steam dragon scales
 A - a +2 cloak (worn)
 G - a +2 troll leather armour {Snorg}
 K - a scarf of shadows
 M - a +0 buckler
 N - a +0 troll leather armour (worn)
Magical Staves
 O - the staff of cold "Piudoukk" {+Blink rC+ Str-5 Int+6 Dex+4}
   (You found it on level 11 of the Dungeon)

   [staff of cold]

   Base accuracy: +5 Base damage: 5 Base attack delay: 1.2 This weapon's minimum
   attack delay (0.6) is reached at skill level 12.
   Str:       It affects your strength (-5).
   Int:       It affects your intelligence (+6).
   Dex:       It affects your dexterity (+4).
   rC:        It protects you from cold.
   +Blink:    It lets you blink.
   It falls into the 'Staves' category.
   It is a two-handed weapon.
Jewellery
 p - a ring of willpower (right hand)
 J - a +6 ring of dexterity (left hand)
 P - an amulet of the acrobat (around neck)
Scrolls
 d - 3 scrolls of teleportation
 t - 3 scrolls of identify
 u - 2 scrolls of amnesia
 w - a scroll of vulnerability
 C - a scroll of poison
 D - a scroll of fog
 E - 2 scrolls of blinking
 F - a scroll of magic mapping
 L - 2 scrolls of fear
Potions
 a - 11 potions of curing
 c - a potion of invisibility
 f - 9 potions of haste
 g - 3 potions of heal wounds
 i - 6 potions of magic
 l - 3 potions of berserk rage
 m - 7 potions of lignification
 o - 7 potions of attraction
 r - 6 potions of mutation
 x - 3 potions of might
 z - 2 potions of resistance {unknown}
 B - 2 potions of brilliance {unknown}
 I - 2 potions of degeneration {unknown}
 Q - a potion of flight {unknown}


   Skills:
 - Level 1.1 Short Blades
 - Level 2.6 Dodging
 + Level 19.9 Stealth
 + Level 12.6 Spellcasting
 + Level 12.3 Hexes
 * Level 4.4 Necromancy
 * Level 5.4 Evocations


You had 20 spell levels left.
You knew the following spells:

 Your Spells              Type           Power      Damage    Failure   Level
a - Ensorcelled Hibernat  Hex/Ice        74%        N/A       1%          2
b - Confusing Touch       Hex            58%        N/A       1%          3
c - Tukima's Dance        Hex            58%        N/A       1%          3
d - Slow                  Hex            100%       N/A       1%          1
e - Vampiric Draining     Necr           30%        2d8       4%          3
f - Animate Dead          Necr           30%        N/A       16%         4

Your spell library contained the following spells:

 Spells                   Type           Power      Damage    Failure   Level
 Sublimation of Blood     Necr           30%        N/A       2%          2
 Dazzling Flash           Conj/Hex       74%        N/A       2%          3
 Lesser Beckoning         Tloc           24%        N/A       14%         2
 Wereblood                Tmut           12%        N/A       14%         2
 Gell's Gravitas          Tloc           12%        N/A       28%         3
 Teleport Other           Tloc           12%        N/A       28%         3
 Olgreb's Toxic Radiance  Pois           12%        N/A       67%         4
 Borgnjor's Vile Clutch   Necr/Erth      10%        N/A       71%         5
 Death Channel            Necr           15%        N/A       94%         6
 Discord                  Hex            29%        N/A       98%         8
 Summon Hydra             Summ           6%         N/A       100%        7
 Ignition                 Fire           6%         3d4       100%        8


Dungeon Overview and Level Annotations

Branches:
Dungeon (12/15)            Temple (1/1) D:5            Lair (0/5) D:11
    Orc (0/2) D:11          Sewer (visited)

Altars:
Ashenzari
Cheibriados
Dithmenos
Elyvilon
Fedhas
Gozag
Hepliaklqana
Kikubaaqudgha
Makhleb
Nemelex Xobeh
Okawaru
Qazlal
Ru
Sif Muna
Trog
Uskayaw
Vehumet
Wu Jian
Xom
Yredelemnul
Zin
The Shining One

Shops:
D:12 **

Portals:
Ice
Cave: D:12

Annotations:
D:10 Fannar


Innate Abilities, Weirdness & Mutations

You are very small and have problems with some larger weapons.
You are too small for most types of armour.
You have supernaturally acute eyesight. (SInv)
You cover ground extremely quickly. (Speed+++)


Message History

The two-headed ogre simulacrum hits you.
The two-headed ogre simulacrum freezes you!!
The two-headed ogre simulacrum hits you but does no damage.
The two-headed ogre simulacrum hits itself! x2
You hit the two-headed ogre simulacrum but do no damage.
The two-headed ogre simulacrum is almost destroyed.
You strike the helpless two-headed ogre simulacrum from behind!
You impale the two-headed ogre simulacrum!!
The two-headed ogre simulacrum vaporises!
Dithmenos accepts your kill.
You feel much better.
Casting: Confusing Touch (safe; 1% risk of failure)
Confirm with . or Enter, or press ? or * to list all spells.
Your hands begin to glow red.
The troll simulacrum completely misses you.
The troll simulacrum misses you.
The troll simulacrum completely misses you.
You hit the troll simulacrum but do no damage.
The troll simulacrum appears confused.
The troll simulacrum completely misses you. x2
The troll simulacrum misses you.
You hit the troll simulacrum.
Your weapon exudes an aura of protection.
The troll simulacrum is moderately damaged.
You hit the troll simulacrum.
The troll simulacrum is heavily damaged.
You hear the loud crackling of a melting archway.
You strike the helpless troll simulacrum from behind!
You impale the troll simulacrum!!
The troll simulacrum vaporises!
Dithmenos accepts your kill.
Casting: Confusing Touch (safe; 1% risk of failure)
Confirm with . or Enter, or press ? or * to list all spells.
Your hands begin to glow red.
You hit the death yak simulacrum but do no damage.
The death yak simulacrum closely misses you.
You hit the death yak simulacrum but do no damage.
The death yak simulacrum gores you!! The death yak simulacrum freezes you!!!
Ouch! That really hurt!
You die...

*,,,,,#......##...##.....#
*,,,,,#..................#
***#+###.#######[#####...#
,,,#..##)##.####.##.##...#
,,,#......#..........#...#
,,,#......#..........#...#
,,,#......#..........#...#
,,,#......#.....Z....#,,,*
,,,+......#.....@....#,,,*
,,,####..####.##.....#*##*
,,,,,,##'####.##.....#...*
,,,,,,+...........∩......*
,,,,,,#..................*
,,,,,,#..................*
,,,,,,############....###*
******* *#####


You could see a death yak simulacrum.

Vanquished Creatures
  Snorg (D:12)
  Erolcha (D:12)
  A boulder beetle (D:11)
  A two-headed ogre (D:10)
  Urug (D:12)
  Sonja (D:11)
  A deep elf pyromancer (D:12)
  Pikel (D:5)
  A manticore (D:11)
  2 cyclopes
  A kobold demonologist (D:11)
  A komodo dragon (D:11)
  2 trolls
  Grinder (D:3)
  A hornet (D:9)
  10 slime creatures
  Sigmund (D:2)
  A wraith (D:10)
  22 yaks
  A basilisk (D:12)
  A steam dragon (D:8)
  A death yak simulacrum (D:12)
  3 vampire mosquitoes
  2 acid dragons (D:12)
  Menkaure (D:6)
  2 water moccasins (D:5)
  Duvessa (D:7)
  3 black bears
  An orc warrior (D:8)
  4 ice beasts
  2 sky beasts
  3 centaurs (D:11)
  A phantom (D:5)
  5 kobold brigands
  2 bullfrogs (D:9)
  A gnoll sergeant (D:11)
  A cane toad simulacrum (D:12)
  3 two-headed ogre simulacra (D:12)
  2 scorpions (D:4)
  3 wights (D:9)
  Dowan (D:7)
  6 killer bees (D:11)
  6 howler monkeys
  3 hounds
  3 orc priests
  3 jellies (D:5)
  A gnoll bouda (D:7)
  4 iguanas
  A sleepcap (D:7)
  Ijyb (D:3)
  Natasha (thrice) (D:3)
  7 orc wizards
  2 troll simulacra (D:12)
  Robin (D:2)
  9 gnolls
  7 river rats (Sewer)
  12 adders
  A shadow imp (D:6)
  2 white imps (D:7)
  4 worms
  5 dart slugs
  17 orcs
  13 ball pythons
  9 endoplasms
  A giant cockroach (D:5)
  14 goblins
  7 hobgoblins
  9 jackals
  5 quokkas
  2 bats (D:1)
  5 frilled lizards
  39 kobolds
  26 rats
323 creatures vanquished.

Vanquished Creatures (collateral kills)
  A two-headed ogre (D:9)
  Maggie (D:10)
  An orc warrior (D:12)
  2 ogres
  A wight (D:9)
  2 orc priests
  Terence (D:2)
  A gnoll (D:7)
  2 orcs
  A goblin (D:4)
  A hobgoblin (D:2)
  A jackal (D:4)
15 creatures vanquished.

Vanquished Creatures (others)
  6 dancing weapons
  A goblin (D:2)
7 creatures vanquished.

Grand Total: 345 creatures vanquished

Notes
Turn   | Place    | Note
-------+----------+-------------------------------------------
     0 | D:1      | LynnLen the Spriggan Enchanter began the quest for the Orb.
     0 | D:1      | Reached XP level 1. HP: 9/9 MP: 5/5
   331 | D:1      | Found a faded altar of an unknown god.
   475 | D:1      | Reached XP level 2. HP: 13/13 MP: 6/6
   516 | D:1      | Learned a level 2 spell: Ensorcelled Hibernation
   544 | D:1      | Reached skill level 5 in Stealth
   884 | D:1      | Reached XP level 3. HP: 16/16 MP: 8/8
  1431 | D:2      | Noticed Sigmund
  1460 | D:2      | Learned a level 3 spell: Confusing Touch
  1464 | D:2      | Learned a level 3 spell: Tukima's Dance
  1476 | D:2      | Killed Sigmund
  1477 | D:2      | Reached skill level 7 in Stealth
  1477 | D:2      | Reached skill level 5 in Hexes
  1477 | D:2      | Reached XP level 4. HP: 10/21 MP: 4/11
  1477 | D:2      | Reached XP level 5. HP: 12/24 MP: 4/12
  1651 | D:2      | Noticed Robin
  1966 | D:2      | Killed Robin
  2057 | D:2      | Identified the +1 leather armour "Jitimeblegh" {rN++}
  2105 | D:2      | Noticed Terence
  2155 | D:2      | Killed Terence
  2156 | D:2      | Reached XP level 6. HP: 19/28 MP: 0/13
  2510 | D:3      | Noticed Natasha
  2520 | D:3      | Killed Natasha
  2521 | D:3      | Reached skill level 8 in Stealth
  2623 | D:3      | Found a hazy altar of Hepliaklqana.
  2851 | D:3      | Noticed Grinder
  2891 | D:3      | Killed Grinder
  2892 | D:3      | Reached skill level 9 in Stealth
  2892 | D:3      | Reached skill level 5 in Spellcasting
  2892 | D:3      | Reached XP level 7. HP: 17/32 MP: 10/15
  3051 | D:3      | Noticed Natasha
  3101 | D:3      | Killed Natasha
  3219 | D:3      | Noticed Natasha
  3228 | D:3      | Killed Natasha
  3284 | D:3      | Noticed Ijyb
  3308 | D:3      | Killed Ijyb
  4050 | D:4      | Reached skill level 10 in Stealth
  4591 | D:5      | Entered Level 5 of the Dungeon
  4599 | D:5      | Noticed Pikel
  4611 | D:5      | Found a staircase to the Ecumenical Temple.
  4714 | D:5      | Reached XP level 8. HP: 34/36 MP: 18/18
  4822 | D:5      | Found a glowing drain.
  4826 | Sewer    | Entered a sewer
  5409 | Sewer    | Reached skill level 11 in Stealth
  6044 | D:5      | Reached skill level 12 in Stealth
  6300 | D:5      | Killed Pikel
  6301 | D:5      | Reached skill level 13 in Stealth
  6301 | D:5      | Reached XP level 9. HP: 35/39 MP: 9/22
  7002 | Temple   | Entered the Ecumenical Temple
  7180 | Temple   | Became a worshipper of Dithmenos the Shadowed
  7433 | D:6      | Noticed Menkaure
  7440 | D:6      | Killed Menkaure
  7730 | D:6      | Found a sacrificial altar of Ru.
  8154 | D:7      | Reached skill level 14 in Stealth
  8537 | D:7      | You fall into a shaft and drop 1 floor!
  8876 | D:7      | Noticed Dowan
  8882 | D:7      | Killed Dowan
  8883 | D:7      | Noticed Duvessa
  9117 | D:7      | Killed Duvessa
  9456 | D:7      | Reached skill level 15 in Stealth
  9816 | D:8      | Found a snail-covered altar of Cheibriados.
  9862 | D:8      | Reached * piety under Dithmenos
  9863 | D:8      | Reached XP level 10. HP: 44/44 MP: 21/24
 10358 | D:9      | Reached skill level 10 in Hexes
 10432 | D:9      | Reached skill level 10 in Spellcasting
 10617 | D:9      | Noticed a two-headed ogre
 10625 | D:9      | Killed a two-headed ogre
 10626 | D:9      | Reached skill level 16 in Stealth
 11202 | D:9      | Found a hide-covered altar of Uskayaw.
 11292 | D:10     | Entered Level 10 of the Dungeon
 11431 | D:10     | Learned a level 1 spell: Slow
 12066 | D:10     | Reached skill level 17 in Stealth
 12212 | D:10     | Learned a level 3 spell: Vampiric Draining
 12214 | D:10     | Noticed a two-headed ogre
 12221 | D:10     | Killed a two-headed ogre
 12288 | D:10     | Found an ornate altar of the Wu Jian Council.
 12335 | D:10     | Noticed Maggie
 12338 | D:10     | Noticed Fannar
 12407 | D:10     | Reached skill level 1 in Necromancy
 12511 | D:10     | Killed Maggie
 12512 | D:10     | Reached XP level 11. HP: 40/47 MP: 22/27
 12666 | D:10     | Reached ** piety under Dithmenos
 12922 | D:11     | Found a staircase to the Lair.
 12965 | D:11     | Noticed a boulder beetle
 12974 | D:11     | Killed a boulder beetle
 13189 | D:11     | Reached skill level 1 in Evocations
 13199 | D:11     | Reached skill level 18 in Stealth
 13207 | D:11     | Found a staircase to the Orcish Mines.
 13365 | D:11     | Identified the staff of cold "Piudoukk" {+Blink rC+ Str-5
                  | Int+6 Dex+4}
 13439 | D:11     | Learned a level 4 spell: Animate Dead
 13797 | D:11     | Noticed Sonja
 13804 | D:11     | Killed Sonja
 14131 | D:11     | Reached *** piety under Dithmenos
 14132 | D:11     | Reached skill level 19 in Stealth
 14287 | D:12     | Noticed Urug
 14301 | D:12     | Killed Urug
 14302 | D:12     | Reached XP level 12. HP: 44/51 MP: 24/29
 14481 | D:12     | Noticed Erolcha
 14511 | D:12     | Killed Erolcha
 14512 | D:12     | Reached skill level 5 in Evocations
 14702 | D:12     | Found Icriutze's Specific Store.
 14706 | D:12     | Found Quewn's General Store.
 14716 | D:12     | Bought a scroll of identify for 24 gold pieces
 14716 | D:12     | Bought a scroll of identify for 24 gold pieces
 14716 | D:12     | Bought a potion of berserk rage for 60 gold pieces
 14716 | D:12     | Bought a potion of heal wounds for 60 gold pieces
 14716 | D:12     | Noticed Snorg
 14775 | D:12     | Killed Snorg
 14933 | D:12     | Found a frozen archway.
 15116 | D:12     | Mangled by a death yak simulacrum

Illustrated notes

Levels and vault maps discovered:
D:1:      sevenhm_arrival_forest_fort_large_2, layout_rooms,
          nicolae_ecumenical_lake_church, chequers_serial_rivers_small_3,
          kennysheep_decorative_pillar, nicolae_wormholes
D:2:      layout_basic, uniq_robin, uniq_sigmund, uniq_terence
D:3:      layout_loops_ring, mainiacjoe_overflow_boulevard, uniq_natasha,
          uniq_ijyb, uniq_grinder
D:4:      kennysheep_goblin_castle, layout_rooms, serial_glass, glass_columns_a,
          glass_columns_a, glass_columns_b, glass_columns_c, glass_columns_c,
          glass_columns_a, minmay_misc_feat_ornament
D:5:      layout_rooms, minmay_temple_entry_large_hall, gup_sewer_entry_spiral,
          serial_park_tiny_2, uniq_pikel
D:6:      layout_loops_ring, nicolae_ru_the_path_less_chosen, serial_glass,
          glass_columns_b, glass_columns_c, uniq_menkaure
D:7:      layout_loops_ring, uniq_duvessa
D:8:      layout_basic, cheibriados_altar_1
D:9:      layout_basic, nicolae_uskayaw_dance_studio
D:10:     mumra_celtic_spiral_tile, layout_cave_pools,
          mainiacjoe_overflow_alcove_1, kennysheep_generic_room_11, uniq_maggie,
          uniq_fannar
D:11:     layout_roguey, lair_entry_dummy, orc_0_dummy,
          nicolae_figureground_pulse, uniq_sonja
D:12:     layout_gridville, portal_ice_cave_entry_ice_simulacra,
          nicolae_specific_store, dk_vineyard_3, uniq_snorg, uniq_urug,
          uniq_erolcha
Temple:   bh_familiar_temple

Skill      XL: |  1  2  3  4  5  6  7  8  9 10 11 12 |
---------------+-------------------------------------+-----
Hexes          | 4 5 6 8 9 11 12 | 12.3
Stealth        | 5 7 9 10 13 15 17 19 | 19.9
Spellcasting   | 3 4 5 6 8 9 11 12 | 12.6
Necromancy     | 1 3 4 |  4.4
Evocations     | 4 5 |  5.4
Short Blades   | |  1.1
Dodging        | |  2.6

Action                     |  1- 3 |  4- 6 |  7- 9 | 10-12 || total
---------------------------+-------+-------+-------+-------++-------
  Melee: Dagger            |   109 |       |       |       ||   109
         Punch             |     2 |       |    15 |     4 ||    21
         Short sword       |    13 |   106 |   542 |   317 ||   978
  Throw: Stone             |       |       |    10 |       ||    10
   Cast: Ensorcelled Hiber |     7 |     8 |    78 |    83 ||   176
         Tukima's Dance    |     1 |     2 |    15 |    14 ||    32
         Confusing Touch   |       |     3 |    18 |    18 ||    39
         Animate Dead      |       |       |       |     2 ||     2
  Evoke: Wand              |       |       |     3 |     7 ||    10
    Use: Scroll            |       |     4 |    10 |    11 ||    25
         Potion            |       |     2 |     4 |     5 ||    11
   Stab: Sleeping          |     9 |    11 |    66 |    80 ||   166
         Distracted        |       |     1 |       |     1 ||     2
         Confused          |       |     1 |    15 |    14 ||    30
         Invisible         |       |       |     5 |     1 ||     6
 Armour: Robe              |    12 |    17 |   124 |    34 ||   187
         Steam dragon scal |       |       |       |    28 ||    28
         Troll leather arm |       |       |       |     7 ||     7
  Dodge: Dodged            |    90 |    75 |   398 |   219 ||   782
